[Event "Calvi Rapid Open 2019"]
[Site "Calvi"]
[Date "2019.05.18"]
[Round "1.3"]
[White "Petrosyan, Armen"]
[Black "Castagnerol, Ambroise"]
[Result "1-0"]
[ECO "C14"]
[WhiteElo "2409"]
[BlackElo "1406"]
[Annotator "NA"]
[PlyCount "25"]
[EventDate "2019.05.18"]
[EventType "rapid"]
[EventCountry "FRA"]
[SourceTitle "playchess.com"]
[Source "ChessBase"]
[SourceQuality "1"]
[TimeControl "600+3"]

1. e4 e6 2. d4 d5 3. Nc3 Nf6 4. Bg5 Be7 5. e5 Nfd7 6. h4 Bxg5 7. hxg5 Qxg5 8. Nh3 Qd8 9. Qg4 O-O 10. Ng5 h6 11. Rxh6 Re8 12. Qh5 Qxg5 13. Rh8# 1-0

[Event "Calvi Rapid Open 2019"]
[Site "Calvi"]
[Date "2019.05.18"]
[Round "1.4"]
[White "Barbolosi, Jean Baptiste"]
[Black "Massoni, Michael"]
[Result "0-1"]
[ECO "B43"]
[WhiteElo "1235"]
[BlackElo "2339"]
[Annotator "NA"]
[PlyCount "54"]
[EventDate "2019.05.18"]
[EventType "rapid"]
[EventCountry "FRA"]
[SourceTitle "playchess.com"]
[Source "ChessBase"]
[SourceQuality "1"]
[TimeControl "600+3"]

1. e4 c5 2. Nf3 d6 3. d4 cxd4 4. Nxd4 Nf6 5. Nc3 e6 6. Bd3 Be7 7. O-O O-O 8. f4 Nc6 9. Nb3 a6 10. Be3 b5 11. a3 Qc7 12. Rc1 Bb7 13. Qd2 Ng4 14. h3 Nxe3 15. Qxe3 Rfe8 16. Ne2 Bf6 17. c3 g6 18. Ned4 Bg7 19. Nxc6 Bxc6 20. Nd4 Qa7 21. Rfe1 Bd7 22. Nf3 Qxe3+ 23. Rxe3 Bh6 24. g3 e5 25. Kg2 exf4 26. gxf4 Bxf4 27. Re2 Bxc1 0-1

[Event "Calvi Rapid Open 2019"]
[Site "Calvi"]
[Date "2019.05.18"]
[Round "2.3"]
[White "Simeoni, Lisandru"]
[Black "Petrosyan, Armen"]
[Result "0-1"]
[ECO "B15"]
[WhiteElo "1760"]
[BlackElo "2409"]
[Annotator "NA"]
[PlyCount "86"]
[EventDate "2019.05.18"]
[EventType "rapid"]
[EventCountry "FRA"]
[SourceTitle "playchess.com"]
[Source "ChessBase"]
[SourceQuality "1"]
[TimeControl "600+3"]

1. e4 c6 2. d4 d5 3. Nc3 dxe4 4. Nxe4 Nf6 5. Ng3 e6 6. Nf3 c5 7. Bg5 cxd4 8. Qxd4 Qxd4 9. Nxd4 a6 10. O-O-O Be7 11. Bxf6 Bxf6 12. Kb1 Bd7 13. Nh5 Nc6 14. Nxf6+ gxf6 15. Nb3 Ne5 16. Be2 Bc6 17. f3 Rg8 18. Rhg1 Rd8 19. f4 Rxd1+ 20. Rxd1 Ng4 21. Bxg4 Rxg4 22. g3 h5 23. Na5 Be4 24. Nc4 Ke7 25. Ne3 Rg8 26. Rd4 f5 27. Nc4 h4 28. Ne5 f6 29. Nd3 hxg3 30. hxg3 Rxg3 31. b3 Bxd3 32. cxd3 e5 33. fxe5 fxe5 34. Rd5 Ke6 35. Rd8 f4 36. Kc2 Rg2+ 37. Kd1 Rxa2 38. Rb8 b5 39. Rb6+ Kd5 40. Rb8 f3 41. Ke1 Kd4 42. Rf8 Ke3 43. Kf1 Ra1# 0-1

[Event "Calvi Rapid Open 2019"]
[Site "Calvi"]
[Date "2019.05.18"]
[Round "2.4"]
[White "Massoni, Michael"]
[Black "Autran, Yann"]
[Result "1-0"]
[ECO "D30"]
[WhiteElo "2339"]
[BlackElo "1918"]
[Annotator "NA"]
[PlyCount "83"]
[EventDate "2019.05.18"]
[EventType "rapid"]
[EventCountry "FRA"]
[SourceTitle "playchess.com"]
[Source "ChessBase"]
[SourceQuality "1"]
[TimeControl "600+3"]

1. d4 d5 2. c4 c6 3. Nf3 Nf6 4. e3 e6 5. Bd3 Nbd7 6. O-O Bd6 7. b3 e5 8. dxe5 Nxe5 9. Bb2 Nxd3 10. Qxd3 O-O 11. cxd5 cxd5 12. Nbd2 Bg4 13. Rac1 Bh5 14. Bxf6 Qxf6 15. Qxd5 Bg6 16. Ne4 Bxe4 17. Qxe4 Rab8 18. Rfd1 Rfd8 19. Rd4 g6 20. Rcd1 Bc7 21. Rxd8+ Rxd8 22. Rxd8+ Qxd8 23. g3 b6 24. h4 a5 25. Kg2 Qd7 26. Qa8+ Kg7 27. Qe4 Bd8 28. Qd4+ Qxd4 29. Nxd4 Be7 30. a4 f5 31. Kf3 Bd6 32. e4 Bc5 33. Ne6+ Kf6 34. Nxc5 bxc5 35. Kf4 fxe4 36. Kxe4 Ke6 37. f3 Kd6 38. g4 Ke6 39. f4 h5 40. gxh5 gxh5 41. f5+ Kf6 42. Kf4 1-0

[Event "Calvi Rapid Open 2019"]
[Site "Calvi"]
[Date "2019.05.18"]
[Round "3.3"]
[White "Petrosyan, Armen"]
[Black "Massardo, Quentin"]
[Result "1-0"]
[ECO "C65"]
[WhiteElo "2409"]
[BlackElo "1970"]
[Annotator "NA"]
[PlyCount "49"]
[EventDate "2019.05.18"]
[EventType "rapid"]
[EventCountry "FRA"]
[SourceTitle "playchess.com"]
[Source "ChessBase"]
[SourceQuality "1"]
[TimeControl "600+3"]

1. e4 e5 2. Nf3 Nc6 3. Bb5 Nf6 4. O-O Bc5 5. Nxe5 Nxe5 6. d4 a6 7. Be2 Bb6 8. dxe5 Nxe4 9. Qd5 Ng5 10. Na3 c6 11. Qd3 O-O 12. Nc4 Bc7 13. f4 Ne6 14. Be3 f5 15. a4 b6 16. Nd6 Qe7 17. Nxf5 Qb4 18. c3 Qb3 19. Rf3 a5 20. Ne7+ Kf7 21. Nxc8 Raxc8 22. Qxd7+ Kg8 23. Ra3 Qxb2 24. Qxe6+ Kh8 25. Qa2 1-0

[Event "Calvi Rapid Open 2019"]
[Site "Calvi"]
[Date "2019.05.18"]
[Round "3.4"]
[White "Cristofari, Antoine"]
[Black "Massoni, Michael"]
[Result "0-1"]
[ECO "B13"]
[WhiteElo "2037"]
[BlackElo "2339"]
[Annotator "NA"]
[PlyCount "73"]
[EventDate "2019.05.18"]
[EventType "rapid"]
[EventCountry "FRA"]
[SourceTitle "playchess.com"]
[Source "ChessBase"]
[SourceQuality "1"]
[TimeControl "600+3"]

1. e4 c6 2. d4 d5 3. exd5 cxd5 4. Bd3 Nc6 5. c3 Nf6 6. Bf4 Bg4 7. Qb3 Qd7 8. Nd2 e6 9. Ngf3 Bd6 10. Bxd6 Qxd6 11. O-O O-O 12. Rfe1 Qc7 13. Ne5 Nxe5 14. Rxe5 a6 15. Qc2 g6 16. Nf1 Bf5 17. Bxf5 gxf5 18. Re3 Kh8 19. Rh3 Rg8 20. Qd2 Rg6 21. Rh6 Ng4 22. Rxg6 hxg6 23. f3 Nf6 24. Qh6+ Kg8 25. Re1 b5 26. a3 a5 27. Ng3 Rb8 28. Ne2 Nh5 29. g4 fxg4 30. fxg4 Nf6 31. h3 Ne4 32. Rf1 Qe7 33. Kg2 b4 34. axb4 axb4 35. Nf4 Qg5 36. Qxg5 Nxg5 37. Rc1 0-1

[Event "Calvi Rapid Open 2019"]
[Site "Calvi"]
[Date "2019.05.18"]
[Round "4"]
[White "Massoni, Michael"]
[Black "Podvin, Antoine"]
[Result "1-0"]
[ECO "E16"]
[WhiteElo "2344"]
[BlackElo "2167"]
[Annotator "NA"]
[PlyCount "73"]
[EventDate "2019.05.18"]
[EventType "rapid"]
[EventCountry "FRA"]
[SourceTitle "playchess.com"]
[Source "ChessBase"]
[SourceQuality "1"]
[TimeControl "600+3"]

1. d4 Nf6 2. c4 e6 3. Nf3 Bb4+ 4. Bd2 Qe7 5. e3 b6 6. a3 Bxd2+ 7. Nbxd2 Bb7 8. Be2 d6 9. O-O Nbd7 10. b4 a5 11. Rb1 O-O 12. Qc2 axb4 13. axb4 Ra7 14. Rfc1 Rfa8 15. h3 h6 16. Bf1 Ra2 17. Rb2 Rxb2 18. Qxb2 Ne4 19. Nxe4 Bxe4 20. Nd2 Bg6 21. Be2 e5 22. Bf3 Ra4 23. Bc6 Ra7 24. c5 exd4 25. cxb6 Nxb6 26. Qxd4 Ra2 27. Nf3 Kh7 28. e4 Nd7 29. Bd5 Re2 30. Rxc7 Qd8 31. Qa7 Nf6 32. Bxf7 Bxe4 33. Bc4 Bxf3 34. Bxe2 Bxe2 35. Rxg7+ Kh8 36. Rg6 Qf8 37. Qd4 1-0

[Event "Calvi Rapid Open 2019"]
[Site "Calvi"]
[Date "2019.05.18"]
[Round "4"]
[White "Brethes, Francois"]
[Black "Petrosyan, Armen"]
[Result "1/2-1/2"]
[ECO "D02"]
[WhiteElo "2137"]
[BlackElo "2409"]
[Annotator "NA"]
[PlyCount "140"]
[EventDate "2019.05.18"]
[EventType "rapid"]
[EventCountry "FRA"]
[SourceTitle "playchess.com"]
[Source "ChessBase"]
[SourceQuality "1"]
[TimeControl "600+3"]

1. d4 d5 2. Nf3 Bf5 3. c4 e6 4. Nc3 c6 5. Bf4 Bd6 6. Bxd6 Qxd6 7. e3 Nf6 8. Be2 h6 9. Ne5 Nbd7 10. Nxd7 Qxd7 11. O-O O-O 12. Qb3 Qc7 13. Bf3 Qb6 14. Rfc1 Rab8 15. Qxb6 axb6 16. Na4 Nd7 17. c5 b5 18. Nc3 Ra8 19. a3 e5 20. Na2 exd4 21. exd4 Rfe8 22. Nb4 Nf6 23. Re1 Be4 24. Bxe4 Nxe4 25. Re2 Kf8 26. f3 Ng5 27. Kf2 Rxe2+ 28. Kxe2 Ne6 29. Rd1 Re8 30. Kf2 Nf4 31. Rd2 g5 32. g3 Ne6 33. Nc2 Kg7 34. Re2 Nc7 35. Rxe8 Nxe8 36. Nb4 f5 37. b3 Kf6 38. Ke3 Nc7 39. a4 bxa4 40. bxa4 Ne6 41. f4 gxf4+ 42. gxf4 Kg6 43. a5 Nc7 44. Kf3 Kh5 45. Kg3 Kg6 46. h3 Kh5 47. Kf3 Kh4 48. Kg2 Ne6 49. a6 bxa6 50. Nxc6 Nxf4+ 51. Kh2 Ne6 52. Nb4 Nxd4 53. c6 Nb5 54. Nxd5 a5 55. c7 Nd6 56. Nb6 Kg5 57. Kg3 f4+ 58. Kf3 Kf5 59. c8=Q+ Nxc8 60. Nxc8 a4 61. Nd6+ Ke5 62. Nb5 h5 63. h4 Kf5 64. Na3 Ke5 65. Nb5 Kf5 66. Nd4+ Ke5 67. Nc2 Kf5 68. Nd4+ Ke5 69. Nc2 Kf5 70. Nd4+ Ke5 {Ke4+} 1/2-1/2

[Event "Calvi Rapid Open 2019"]
[Site "Calvi"]
[Date "2019.05.18"]
[Round "5.3"]
[White "Petrosyan, Armen"]
[Black "Pieri, Pierre-Louis"]
[Result "1-0"]
[ECO "B40"]
[WhiteElo "2409"]
[BlackElo "2103"]
[Annotator "NA"]
[PlyCount "115"]
[EventDate "2019.05.18"]
[EventType "rapid"]
[EventCountry "FRA"]
[SourceTitle "playchess.com"]
[Source "ChessBase"]
[SourceQuality "1"]
[TimeControl "600+3"]

1. e4 c5 2. Nf3 e6 3. Nc3 Nc6 4. Bb5 Nd4 5. O-O a6 6. Bd3 Nc6 7. Re1 g5 8. Kh1 g4 9. Ng1 h5 10. f4 b5 11. e5 Bb7 12. Be4 Nh6 13. Nge2 g3 14. h3 c4 15. d4 cxd3 16. Qxd3 Bc5 17. Be3 Nb4 18. Qd2 Bxe3 19. Qxe3 Nf5 20. Qc5 Bxe4 21. Nxe4 Nd5 22. N2xg3 Rc8 23. Qf2 Nxg3+ 24. Qxg3 Rxc2 25. Rac1 Rxc1 26. Rxc1 Kf8 27. Qg5 Qxg5 28. fxg5 Ke7 29. h4 Ne3 30. Nf6 Nf5 31. Rc7 Rd8 32. g3 Nxg3+ 33. Kg2 Nf5 34. Kh3 Ne3 35. Nxh5 Nc4 36. b3 Nxe5 37. Nf6 Kd6 38. Ra7 Ke7 39. Kg3 Kf8 40. h5 d5 41. Kf4 Nc6 42. Rc7 Ne7 43. Ke5 d4 44. Rd7 Nc6+ 45. Ke4 Rxd7 46. Nxd7+ Kg7 47. Nc5 a5 48. a4 bxa4 49. bxa4 Kf8 50. Kd3 e5 51. Ke4 Ke7 52. h6 Kf8 53. Kd5 d3 54. Nxd3 Nb4+ 55. Ke4 Nxd3 56. Kxd3 Kg8 57. Ke4 Kh7 58. Kxe5 1-0

[Event "Calvi Rapid Open 2019"]
[Site "Calvi"]
[Date "2019.05.18"]
[Round "5.4"]
[White "Piscopo, Pierluigi"]
[Black "Brethes, Francois"]
[Result "0-1"]
[ECO "A05"]
[WhiteElo "2405"]
[BlackElo "2270"]
[Annotator "NA"]
[PlyCount "80"]
[EventDate "2019.05.18"]
[EventType "rapid"]
[EventCountry "FRA"]
[SourceTitle "playchess.com"]
[Source "ChessBase"]
[SourceQuality "1"]
[TimeControl "600+3"]

1. Nf3 Nf6 2. g3 d5 3. Bg2 c6 4. d3 Bg4 5. h3 Bh5 6. Bf4 Nbd7 7. Nbd2 e6 8. O-O Be7 9. c4 O-O 10. Qb3 Qb6 11. g4 Bg6 12. Rfc1 Rfe8 13. a4 dxc4 14. Qxc4 a5 15. Qc2 Nd5 16. Nc4 Qa7 17. Bg3 Bf6 18. Qb3 Nc5 19. Qd1 Rad8 20. Nfe5 Nb4 21. Ra3 Rd4 22. Nxg6 hxg6 23. Nd6 Rd8 24. Rxc5 Qxc5 25. Nxb7 Qc2 26. Ra1 Qxd1+ 27. Rxd1 Ra8 28. Rc1 Nd5 29. Rxc6 Rxa4 30. Rd6 Rb4 31. Rd7 Rxb2 32. e4 Nb6 33. Rc7 Bd8 34. Nxd8 Rxd8 35. Rb7 Rxd3 36. Rb8+ Kh7 37. e5 a4 38. Rb7 a3 39. Ra7 a2 40. Kh2 Rd1 0-1

[Event "Calvi Rapid Open 2019"]
[Site "Calvi"]
[Date "2019.05.18"]
[Round "6.2"]
[White "Massoni, Michael"]
[Black "Petrosyan, Armen"]
[Result "0-1"]
[ECO "B10"]
[WhiteElo "2339"]
[BlackElo "2409"]
[Annotator "NA"]
[PlyCount "106"]
[EventDate "2019.05.18"]
[EventType "rapid"]
[EventCountry "FRA"]
[SourceTitle "playchess.com"]
[Source "ChessBase"]
[SourceQuality "1"]
[TimeControl "600+3"]

1. e4 c6 2. Nc3 d5 3. Nf3 Nf6 4. e5 Ne4 5. Ne2 Qb6 6. d4 f6 7. c3 fxe5 8. Nxe5 Nd7 9. Nd3 g6 10. g3 Bg7 11. Bg2 e5 12. Be3 exd4 13. Nxd4 c5 14. Nb3 Qc6 15. O-O b6 16. Nf4 Bb7 17. Nd2 Ndf6 18. Nxe4 dxe4 19. Bh3 Bc8 20. Bg2 Bg4 21. Qb3 c4 22. Qc2 O-O 23. Bd4 Bf5 24. Qd2 Rad8 25. Qe2 Bg4 26. Qc2 Bf5 27. Qe2 Bg4 28. Qc2 Bf5 29. Rfe1 Rfe8 30. Qe2 Bg4 31. Qc2 Bf3 32. b3 Bxg2 33. Nxg2 Ng4 34. Bxg7 Kxg7 35. Qe2 Ne5 36. Nf4 Nf3+ 37. Kg2 Nxe1+ 38. Rxe1 e3+ 39. Qf3 Qxf3+ 40. Kxf3 exf2 41. Rf1 Rd2 42. bxc4 Rxa2 43. h4 Re1 44. Rxf2 Rxf2+ 45. Kxf2 Rc1 46. Nd5 Kf7 47. Ke3 Ke6 48. Kd2 Rg1 49. Nf4+ Kd6 50. Ne2 Rh1 51. Kd3 Kc5 52. Nf4 Rd1+ 53. Kc2 Rg1 0-1

[Event "Calvi Rapid Open 2019"]
[Site "Calvi"]
[Date "2019.05.18"]
[Round "6.3"]
[White "Brethes, Francois"]
[Black "Maurizzi, Marc Andria"]
[Result "0-1"]
[ECO "A48"]
[WhiteElo "2270"]
[BlackElo "2329"]
[Annotator "NA"]
[PlyCount "50"]
[EventDate "2019.05.18"]
[EventType "rapid"]
[EventCountry "FRA"]
[SourceTitle "playchess.com"]
[Source "ChessBase"]
[SourceQuality "1"]
[TimeControl "600+3"]

1. d4 Nf6 2. Nf3 g6 3. c3 Bg7 4. Bg5 O-O 5. Nbd2 d5 6. e3 Ne4 7. Bh4 h6 8. c4 g5 9. Bg3 Nxg3 10. hxg3 c5 11. Qc2 cxd4 12. Nxd4 Nc6 13. Nxc6 bxc6 14. Nf3 Rb8 15. Bd3 Rxb2 16. Qa4 dxc4 17. Bxc4 Bc3+ 18. Kf1 Rb4 19. Qxc6 Bxa1 20. Qxh6 Rb1+ 21. Ne1 Rxe1+ 22. Kxe1 Bc3+ 23. Ke2 Bg4+ 24. f3 Qd2+ 25. Kf1 Qe1# 0-1

[Event "Calvi Rapid Open 2019"]
[Site "Calvi"]
[Date "2019.05.18"]
[Round "6.4"]
[White "Tomasi, Elise"]
[Black "Bouslimi, Nabil"]
[Result "0-1"]
[ECO "C01"]
[WhiteElo "1867"]
[BlackElo "2083"]
[Annotator "NA"]
[PlyCount "85"]
[EventDate "2019.05.18"]
[EventType "rapid"]
[EventCountry "FRA"]
[SourceTitle "playchess.com"]
[Source "ChessBase"]
[SourceQuality "1"]
[TimeControl "600+3"]

1. e4 e6 2. d4 d5 3. exd5 exd5 4. c4 Nf6 5. Bd3 Be7 6. Ne2 O-O 7. O-O Nc6 8. Nbc3 Bg4 9. Be3 Qd7 10. Qd2 Nb4 11. Nxd5 Nfxd5 12. cxd5 Nxd3 13. Qxd3 Bxe2 14. Qxe2 Qxd5 15. Rac1 c6 16. b3 Bf6 17. Rfd1 Rfe8 18. Qd3 Rad8 19. Rc5 Qd6 20. Qc4 Bxd4 21. Rf5 Qe6 22. Qxe6 fxe6 23. Rf3 Bxe3 24. Rxd8 Rxd8 25. fxe3 Rd1+ 26. Kf2 Rd2+ 27. Kg3 Rxa2 28. b4 Ra3 29. Kf2 Ra4 30. Rf4 b6 31. Re4 Kf7 32. Rd4 Ke7 33. Rh4 h6 34. Rg4 g5 35. h4 Kf6 36. hxg5+ hxg5 37. Rd4 a5 38. Rd6 Rxb4 39. Rxc6 a4 40. Rc8 a3 41. Ra8 Rb2+ 42. Kf3 a2 43. Ke4 {Ke5+} 0-1

[Event "Calvi Rapid Open 2019"]
[Site "Calvi"]
[Date "2019.05.19"]
[Round "7.4"]
[White "Bouslimi, Nabil"]
[Black "Utrera, Ludovic"]
[Result "1-0"]
[ECO "A64"]
[WhiteElo "2083"]
[BlackElo "1995"]
[Annotator "NA RC"]
[PlyCount "98"]
[EventDate "2019.05.18"]
[EventType "rapid"]
[EventCountry "FRA"]
[SourceTitle "playchess.com"]
[Source "ChessBase"]
[SourceQuality "1"]
[TimeControl "600+3"]

1. d4 Nf6 2. c4 c5 3. d5 e6 4. Nc3 exd5 5. cxd5 d6 6. g3 g6 7. Bg2 Bg7 8. Nf3 O-O 9. O-O a6 10. a4 Re8 11. Nd2 Nbd7 12. e4 Rb8 13. a5 b5 14. axb6 $1 Nxb6 15. Re1 Ng4 16. h3 Ne5 17. Nb3 c4 18. Nd4 Nd3 19. Nc6 Qf6 20. Re2 Nxc1 21. Qxc1 Ra8 22. f4 Bd7 23. e5 dxe5 24. Ne4 Qf5 25. Nd6 Qh5 26. g4 Qh4 27. Nxe8 Rxe8 28. fxe5 h5 29. Qe1 Qg5 30. Qd2 Qh4 31. Qe1 Qg5 32. Qf2 hxg4 33. h4 Qh5 34. Rf1 Bf5 35. d6 Nd7 36. Ne7+ Kh7 37. Nxf5 gxf5 38. Qxf5+ Qxf5 39. Rxf5 Bxe5 40. Rxf7+ Kg6 41. Rxd7 Bd4+ 42. Kf1 Rb8 43. Rde7 Bxb2 44. Rb7 Rf8+ 45. Rf2 Rxf2+ 46. Kxf2 Bd4+ 47. Ke2 c3 48. d7 c2 49. Be4+ Kf6 1-0

[Event "Calvi Rapid Open 2019"]
[Site "Calvi"]
[Date "2019.05.19"]
[Round "8.4"]
[White "Marty, Brice"]
[Black "Pieri, Pierre-Louis"]
[Result "0-1"]
[ECO "B47"]
[WhiteElo "2023"]
[BlackElo "2034"]
[Annotator "NA RC"]
[PlyCount "63"]
[EventDate "2019.05.18"]
[EventType "rapid"]
[EventCountry "FRA"]
[SourceTitle "playchess.com"]
[Source "ChessBase"]
[SourceQuality "1"]
[TimeControl "600+3"]

1. e4 c5 2. Nf3 e6 3. d4 cxd4 4. Nxd4 Nc6 5. Nc3 Qc7 6. g3 a6 7. Bg2 h5 8. h3 h4 9. g4 b5 10. O-O Bb7 11. Be3 Ne5 12. Nde2 Nf6 13. f4 $17 (13. g5 $15 Nh5 14. Bd4) 13... Nc4 14. Bc1 b4 15. Na4 Bxe4 16. b3 Bxg2 17. Kxg2 Nb6 18. Nxb6 Qxb6 19. Qd3 Rc8 20. Be3 Qc6+ 21. Rf3 Nd5 22. Kf2 Qxc2 23. Qxa6 Nxe3 24. Rxe3 Qc6 25. Qxc6 Rxc6 26. Rd1 Bc5 27. Nd4 Rd6 28. Red3 g5 29. Kf3 gxf4 30. Kxf4 Ke7 31. Nf3 Ra8 32. R3d2 0-1

[Event "Calvi Rapid Open 2019"]
[Site "Calvi"]
[Date "2019.05.19"]
[Round "9.3"]
[White "Cristofari, Antoine"]
[Black "Petrosyan, Armen"]
[Result "0-1"]
[ECO "B13"]
[WhiteElo "1968"]
[BlackElo "2409"]
[Annotator "RC"]
[PlyCount "80"]
[EventDate "2019.05.18"]
[EventType "rapid"]
[EventCountry "FRA"]
[SourceTitle "playchess.com"]
[Source "ChessBase"]
[SourceQuality "1"]
[TimeControl "600+3"]

1. e4 c6 2. d4 d5 3. exd5 cxd5 4. Bd3 Nc6 5. c3 Qc7 6. Na3 a6 7. Qa4 Bd7 8. Qd1 e5 9. Nc2 e4 10. Be2 Bd6 11. Bg5 h6 12. Bd2 Nf6 13. Ne3 O-O 14. h3 Be6 15. Bg4 Ne7 16. Ne2 Nh7 17. Bxe6 fxe6 18. Qb3 b5 19. Rf1 Ng6 20. O-O-O Nf6 21. Kb1 Nf4 22. Nxf4 Bxf4 23. Bc1 Rf7 24. Rde1 Raf8 25. Qc2 Nd7 26. g3 Bg5 27. h4 Be7 28. Ng4 Rf3 29. Be3 Bd6 30. Nh2 R3f7 31. Rg1 Nb6 32. Re2 Nc4 33. Bc1 a5 34. Nf1 b4 35. Nd2 Rxf2 36. Nxc4 Rxe2 37. Qxe2 Qxc4 38. Qe3 Rf3 39. Qe1 Qd3+ 40. Ka1 Bxg3 0-1

[Event "Calvi Rapid Open 2019"]
[Site "Calvi"]
[Date "2019.05.19"]
[Round "9.4"]
[White "Tomasi, Elise"]
[Black "Massoni, Michael"]
[Result "0-1"]
[ECO "A49"]
[WhiteElo "1898"]
[BlackElo "2344"]
[Annotator "NA RC"]
[PlyCount "142"]
[EventDate "2019.05.18"]
[EventType "rapid"]
[EventCountry "FRA"]
[SourceTitle "playchess.com"]
[Source "ChessBase"]
[SourceQuality "1"]
[TimeControl "600+3"]

1. d4 Nf6 2. Nf3 g6 3. g3 Bg7 4. Bg2 O-O 5. O-O d6 6. a4 Nbd7 7. b3 {[%emt 0:00:29] A49: 1 d4 Nf6 2 Nf3 g6 3 g3: Anti-King's Indian systems} (7. a5 a6 8. Re1 e5 9. e4 exd4 10. Nxd4 Re8 11. Nc3 Nc5 12. h3 Bd7 13. Bf4 Qc8 14. Kh2 Nh5 15. Be3 Nf6 {1-0 (94) Piorun,K (2631)-Bobras,P (2499) Poland 2018}) 7... c6 8. a5 Qc7 9. Bb2 Re8 10. Nc3 $146 ({Predecessor:} 10. Nbd2 e5 11. dxe5 dxe5 12. e4 Rd8 13. Qe2 Ne8 14. Nc4 Rb8 15. Rfd1 b5 16. axb6 axb6 17. Nfxe5 {1-0 (24) Bockowski,R (2275)-Klatt,J Ueckermuende 1998}) 10... e5 11. e4 Nf8 12. Re1 Bg4 13. dxe5 dxe5 14. Qc1 Rad8 15. b4 Ne6 16. h3 Bxf3 17. Bxf3 Nd4 18. Bg2 Qe7 19. Na2 h5 20. Bxd4 Rxd4 21. c3 Rd3 22. Qc2 Rdd8 23. Rad1 h4 24. Nc1 hxg3 25. fxg3 Nh5 26. Qf2 Qg5 27. Kh2 Bh6 28. Nd3 Qe7 $14 (28... Re6 $11) 29. Qxa7 (29. Bf3 $14) 29... Rd6 30. Qf2 Red8 31. Nb2 Bd2 32. Rxd2 Rxd2 33. Re2 Rxe2 34. Qxe2 Nxg3 35. Kxg3 Qg5+ 36. Qg4 Qd2 37. Na4 Qc2 38. Nb6 Qxc3+ 39. Kh2 Qxb4 40. Qg5 Qd4 41. Nc4 Ra8 42. Nd2 c5 43. Nf3 Qd6 44. Qg3 Re8 45. h4 Kg7 46. h5 Rh8 47. Kg1 Rxh5 48. Qe1 Rh8 49. Qc3 Re8 50. Nd2 Qd4+ 51. Qxd4 cxd4 52. Bf1 Ra8 53. Nc4 f6 54. Bd3 Kf8 55. Kf2 Ke7 56. Ke2 Rh8 57. Nd2 Kd6 58. Nc4+ Kc5 59. Nb6 Rh2+ 60. Kd1 Rh3 61. Kd2 Rh2+ 62. Kd1 Ra2 63. Nd7+ Kb4 64. Nxf6 Kc3 65. Bb5 Rxa5 66. Nd5+ Kb3 67. Bd3 Ra8 68. Ne7 Kc3 69. Bb5 d3 70. Nd5+ Kd4 71. Nb4 Kc5 0-1